 Dungeon Crawl Stone Soup version 0.30-b1-2-g02819fbbbe (webtiles) character file.

Game seed: 16601402570286173629

13 Alarkh the Vexing (level 2, 21/21 HPs)
             Began as a Demonspawn Hexslinger on July 7, 2023.
             Got out of the dungeon alive.
             The game lasted 00:00:24 (288 turns).

Alarkh the Vexing (Demonspawn Hexslinger)            Turns: 288, Time: 00:00:25

Health: 21/21      AC:  3    Str: 10    XL:     2   Next: 24%
Magic:  3/3        EV: 12    Int: 14    God:
Gold:   26         SH:  4    Dex: 13    Spells: 2/3 levels left

rFire   . . .        a - +1 sling
rCold   . . .        (no shield)
rNeg    . . .        c - +0 robe
rPois   .            (no helmet)
rElec   .            (no cloak)
rCorr   .            (no gloves)
SInv    .            f - +0 pair of boots
Will    .....        (no amulet)
Stlth   +            (no ring)
HPRegen 0.23/turn    (no ring)
MPRegen 0.08/turn

%: no passive effects
@: no status effects
A: condensation shield
a: no special abilities


You escaped.
You visited 1 branch of the dungeon, and saw 1 of its levels.

You collected 26 gold pieces.

Inventory:

Hand Weapons
 a - a +1 sling (weapon)
Armour
 c - a +0 robe (worn)
 f - a +0 pair of boots (worn)
Scrolls
 b - a scroll of poison
 e - a scroll of identify {unknown}
 g - a scroll of brand weapon {unknown}
Potions
 d - a potion of curing {unknown}
 h - a potion of heal wounds {unknown}


   Skills:
 - Level 1.0 Fighting
 + Level 2.7 Ranged Weapons
 - Level 1.7 Dodging
 - Level 1.0 Spellcasting
 - Level 3.0 Hexes


You had 2 spell levels left.
You knew the following spells:

 Your Spells              Type           Power      Damage    Failure   Level
a - Slow                  Hex            36%        N/A       8%          1

Your spell library contained the following spells:

 Spells                   Type           Power      Damage    Failure   Level
 Inner Flame              Hex/Fire       4%         N/A       38%         3
 Portal Projectile        Hex/Tloc       8%         N/A       38%         3
 Cause Fear               Hex            4%         N/A       58%         4


Dungeon Overview and Level Annotations

Branches:
Dungeon (1/15)

Altars:


Innate Abilities, Weirdness & Mutations

A meltable shield of frost defends you. (SH +4)


Message History

Frost condenses into a shield before you.
You see here a ball python corpse.
A kobold comes into view. It is wielding a +0 club.
The kobold shouts!
A kobold is nearby!
You shoot a sling bullet. The sling bullet hits the kobold.
The kobold is moderately wounded.
You shoot a sling bullet.
The sling bullet closely misses the kobold.
A ball python comes into view.
You shoot a sling bullet. The ball python hisses angrily.
The sling bullet hits the kobold.
You kill the kobold!
You shoot a sling bullet. The sling bullet hits the ball python.
The ball python is severely wounded.
You shoot a sling bullet. The sling bullet hits the ball python.
You kill the ball python!
No target in view!
No target in view!
Found 6 poisoned darts.
You see here 6 poisoned darts.
You now have 26 gold pieces (gained 6).
Found 6 stones.
An endoplasm comes into view.
The endoplasm quivers.
You shoot a sling bullet. The sling bullet hits the endoplasm.
The endoplasm is moderately wounded.
You shoot a sling bullet. The sling bullet hits the endoplasm.
You kill the endoplasm!
No target in view!
Things that are here:
a +0 dagger; 3 stones; a kobold corpse You see here a giant cockroach corpse.
There is a stone staircase leading down here.
You see here a ball python skeleton.
There is an open door here.
There is a staircase leading out of the dungeon here.
Are you sure you want to leave the Dungeon?
This will make you lose the game!
You have escaped!

#######
#.....#
#..@..#
#.....#
#.###.#
#.#.#.#
#.###.#
#.....#
#..(..#
#.....#
###'###


There were no monsters in sight!

Vanquished Creatures
  3 ball pythons (D:1)
  An endoplasm (D:1)
  2 giant cockroaches (D:1)
  A goblin (D:1)
  A bat (D:1)
  2 kobolds (D:1)
  A rat (D:1)
11 creatures vanquished.

Notes
Turn   | Place    | Note
-------+----------+-------------------------------------------
     0 | D:1      | Alarkh the Demonspawn Hexslinger began the quest for the
                  | Orb.
     0 | D:1      | Reached XP level 1. HP: 15/15 MP: 2/2
   155 | D:1      | Gained mutation: A meltable shield of frost defends you.
                  | (SH +4) [demonic ancestry]
   155 | D:1      | Reached XP level 2. HP: 12/21 MP: 3/3
   288 | D:$      | Got out of the dungeon alive.

Illustrated notes

Levels and vault maps discovered:
D:1:      nicolae_arrival_memento_mori, layout_rooms, glass_columns_b,
          nicolae_figureground_sparkle

Skill      XL: |  1 |
---------------+----+-----
Ranged Weapons | 2 |  2.7
Fighting       | |  1.0
Dodging        | |  1.7
Spellcasting   | |  1.0
Hexes          | |  3.0

Action                     || total
---------------------------++-------
   Fire: Sling             ||    41
 Armour: Robe              ||     6
  Dodge: Dodged            ||    10
